cohdb
Replays
Latest Replays
All Replays
Popular Replays
Top Player Replays
Match Explorer
How It Works
Community
CoH3 Stats
Reddit
Sign in to upload your games and track your stats! →
Sign in with Steam
Match 43770819
Unlisted
Match 43770819
Overview
Messages
Build Orders
End
Kradschützen Motorcycle Team
Selects Italian Infantry
Panzergrenadier Squad
Panzergrenadier Squad
Panzergrenadier Squad
Construct Light Support Kompanie
2.5-tonne Medical Truck
Fire Support Elements
Panzerjäger Mechanized Group
Veteran Squad Leaders
Selects Guastatori Squad
Selects Defensive Operations
Selects Registered Artillery
Guastatori Squad
Selects Prepared Positions
Registered Artillery
Panzerjäger Mechanized Group
Panzerjäger Squad
Construct Panzerarmee Kommand
Walking Stuka Rocket Launcher
Selects Obice 305mm Barrage
Registered Artillery
Panzerjäger Mechanized Group
kxSven
И Я УПАЛ
Kumiho
Rye
BUBBA_ACTUAL
JollyRedRockett
0
0
Comments
sign in to comment!
No comments posted yet!